 Dungeon Crawl Stone Soup version 0.26-a0-540-g8a0c9464d7 (webtiles) character file.

Game seed: 4551723801041516560

190814 Goblin1989 the Severer (level 17, -19/162 HPs)
             Began as a Deep Dwarf Fighter on Aug 18, 2020.
             Was the Champion of Makhleb.
             Killed from afar by Frederick (76 damage)
             ... with an iron shot
             ... on level 1 of the Vaults on Aug 21, 2020.
             The game lasted 01:16:44 (24715 turns).

Goblin1989 the Severer (Deep Dwarf Fighter)        Turns: 24715, Time: 01:16:45

Health: -19/162    AC: 24    Str: 31    XL:     17   Next: 55%
Magic:  0/3        EV: 16    Int: 20    God:    Makhleb [******]
Gold:   4721       SH:  0    Dex: 12    Spells: 16/16 levels left

rFire    . . .     SeeInvis .   a - +8 executioner's axe (vamp)
rCold    + . .     Faith    .   (shield currently unavailable)
rNeg     + + +     Spirit   +   g - +1 swamp dragon scales
rPois    +         Reflect  .   U - +2 hat of the Bear Spirit {Spirit, +Rage rN+ MR++}
rElec    +         Harm     .   X - +1 cloak {rCorr}
rCorr    +         Clarity  +   l - +0 pair of gloves
MR       +++++     NoTele   +   p - +0 pair of boots "Aklaur" {-Tele rElec rC+ Int+9}
Stlth    +.........             C - amulet of the Four Winds {rN+ MR+++ Clar}
HPRegen  0.00/turn              S - +6 ring of strength
MPRegen  0.08/turn              d - +4 ring of protection

@: berserk cooldown, non-regenerating, slowed, very slow
A: damage resistance, heal wounds, negative energy resistance 1, sense
surroundings 2, no regeneration
}: 1/15 runes: gossamer
a: Heal Wounds, Minor Destruction, Lesser Servant of Makhleb, Major Destruction,
Greater Servant of Makhleb, Renounce Religion, Evoke Berserk Rage


You were on level 1 of the Vaults.
You worshipped Makhleb.
Makhleb was exalted by your worship.
You visited 6 branches of the dungeon, and saw 29 of its levels.
You also visited: Sewer, Bailey, Gauntlet and Ice Cave.

You collected 5022 gold pieces.
You spent 301 gold pieces at shops.

Inventory:

Hand Weapons
 a - a +8 vampiric executioner's axe (weapon)
 b - a +0 vorpal triple crossbow
 m - the +6 hand axe of Qoiptas {flame, rF+ Int+4 Dex+2}
   (You took it off an orc wizard on level 7 of the Dungeon)

   It has been specially enchanted to burn those struck by it, causing extra
   injury to most foes and up to half again as much damage against particularly
   susceptible opponents.
   Big, fiery blades are also staple armaments of hydra-hunters.
   It affects your intelligence (+4).
   It affects your dexterity (+2).
   It protects you from fire.
Missiles
 x - 8 silver javelins (quivered) {@Q2}
 J - 196 bolts
 Z - a throwing net {!d , @Q1}
Armour
 g - +1 swamp dragon scales (worn)
 l - a +0 pair of gloves (worn)
 p - the +0 pair of boots "Aklaur" (worn) {-Tele rElec rC+ Int+9}
   (You found it in a Gauntlet)

   It affects your intelligence (+9).
   It protects you from cold.
   It insulates you from electricity.
   It prevents most forms of teleportation.
 u - a +2 scale mail of fire resistance
 K - a +4 chain mail of cold resistance
 U - the +2 hat of the Bear Spirit (worn) {Spirit, +Rage rN+ MR++}
   (You found it in an ice cave)

   It protects you from negative energy.
   It affects your resistance to hostile enchantments.
   It lets you go berserk.
 V - a +2 pair of boots
 X - a +1 cloak of preservation (worn)
Jewellery
 d - a +4 ring of protection (right hand)
 f - an uncursed ring of protection from fire
 s - an uncursed ring of see invisible
 C - the amulet of the Four Winds (around neck) {rN+ MR+++ Clar}
   (You found it on level 3 of the Spider Nest)

   [amulet of nothing]

   It protects you from negative energy.
   It affects your resistance to hostile enchantments.
   It protects you against confusion.
 S - a +6 ring of strength (left hand)
Wands
 k - a wand of flame (46) {@v6}
 E - a wand of acid (28) {@v2}
 F - a wand of paralysis (24) {@v7}
 P - a wand of iceblast (39) {@v4}
Scrolls
 j - 4 scrolls of fear
 n - 8 scrolls of enchant armour
 z - 4 scrolls of immolation
 B - 4 scrolls of blinking
 G - a scroll of holy word
 H - 10 scrolls of remove curse {@r3}
 L - a scroll of fog
 M - a scroll of magic mapping
 N - 3 scrolls of summoning
 O - 2 scrolls of silence
 R - 4 scrolls of identify {@r1}
 T - 15 scrolls of teleportation {!r, @r2}
Potions
 c - 5 potions of might {@q4}
 e - 2 potions of resistance {@q6}
 h - 8 potions of flight
 i - 4 potions of brilliance
 o - 2 potions of curing {@q1}
 r - 4 potions of cancellation
 t - 5 potions of mutation {!q}
 v - 5 potions of lignification
 w - 16 potions of curing {c}
 y - 2 potions of berserk rage
 A - 8 potions of stabbing
 I - 8 potions of heal wounds {@q2}
 Q - 9 potions of ambrosia
Miscellaneous
 q - a condenser vane (2/2)
 D - a phial of floods
 W - a tin of tremorstones (3/3) {@Q3}
 Y - a phantom mirror


   Skills:
 + Level 12.4 Fighting
 - Level 18.0 Axes
 * Level 10.2 Crossbows
 + Level 14.5 Armour
 + Level 9.0 Dodging
   Level 13.1 Shields
 - Level 13.8 Invocations
 - Level 5.0 Evocations


You had 16 spell levels left.
You didn't know any spells.
Your spell library contained the following spells:

 Spells                   Type           Power        Failure   Level
 Corona                   Hex            #......      24%         1
 Foxfire                  Conj/Fire      #...         24%         1
 Magic Dart               Conj           #...         24%         1
 Blink                    Tloc           N/A          36%         2
 Call Imp                 Summ           #.......     36%         2
 Ensorcelled Hibernation  Hex/Ice        #.....       36%         2
 Poisonous Vapours        Pois/Air       #.....       36%         2
 Searing Ray              Conj           #.....       36%         2
 Slow                     Hex            #.......     36%         2
 Confusing Touch          Hex            #.......     58%         3
 Conjure Flame            Conj/Fire      #.......     58%         3
 Dazzling Flash           Conj/Hex       #.....       58%         3
 Gell's Gravitas          Tloc           #.........   58%         3
 Inner Flame              Hex/Fire       #.......     58%         3
 Mephitic Cloud           Conj/Pois/Air  #.......     58%         3
 Portal Projectile        Hex/Tloc       #.....       58%         3
 Tukima's Dance           Hex            #.......     58%         3
 Cause Fear               Hex            #.........   94%         4
 Fulminant Prism          Conj/Hex       #.........   94%         4
 Iskenderun's Mystic Bla  Conj/Tloc      #.......     94%         4
 Leda's Liquefaction      Hex/Erth       #.........   94%         4
 Silence                  Hex/Air        #.........   100%        5
 Yara's Violent Unravell  Hex/Tmut       #.........   100%        5
 Dispersal                Tloc           #.........   100%        6
 Freezing Cloud           Conj/Ice/Air   #.........   100%        6
 Dragon Form              Tmut           #.........   100%        7
 Controlled Blink         Tloc           N/A          100%        8
 Discord                  Hex            #.........   100%        8
 Disjunction              Tloc           #.........   100%        8
 Dragon's Call            Summ           #.........   100%        9


Dungeon Overview and Level Annotations

Branches:
Dungeon (15/15)            Temple (1/1) D:5            Lair (6/6) D:10
 Shoals (0/4) Lair:2       Spider (4/4) Lair:4        Slime (0/5) Lair:6
    Orc (2/2) D:11            Elf (0/3) Orc:2        Vaults (1/5) D:14
 Depths (0/5) D:15          Sewer (visited)          Bailey (visited)
  IceCv (visited)         Gauntlet (visited)

Altars:
Dithmenos
Elyvilon
Fedhas
Gozag
Hepliaklqana
Kikubaaqudgha
Makhleb
Nemelex Xobeh
Okawaru
Trog
Uskayaw
Vehumet
Xom
Yredelemnul
Zin
Beogh

Shops:
D:11 }   D:12 =   Orc:2 ?(:!

Annotations:
D:14 1 runed translucent door, Osijuolu's ghost, journeyman TrTm
Vaults:1 Frederick


Innate Abilities, Weirdness & Mutations

You are resistant to damage.
You can heal yourself by infusing magical energy.
You resist negative energy. (rN+)
You passively map the area around you.
You do not regenerate.


Message History

Agnes hits you with a cursed -3 lajatang!
Frederick barely misses you.
You take 8 damage, and have 211/243 hp.
You slash Agnes!
You feel better.
Agnes is lightly wounded.
Agnes hits you but does no damage.
You regained 7 hp, and now have 218/243 hp.
You closely miss Agnes.
Agnes is lightly wounded.
Agnes no longer looks unusually strong.
Agnes hits you with a cursed -3 lajatang.
Frederick hits you from afar with a +4 demon trident of draining!
You take 6 damage, and have 212/243 hp.
You slice Agnes!!
You feel better.
Agnes is moderately wounded.
Agnes closely misses you.
You regained 15 hp, and now have 227/243 hp.
You miss Agnes.
Agnes is moderately wounded.
Agnes hits you with a cursed -3 lajatang!
Frederick barely misses you.
You take 5 damage, and have 222/243 hp.
You slice Agnes!!
Agnes is heavily wounded.
Agnes misses you.
Frederick casts a spell.
Frederick summons a servant imbued with his destructive magic!
You completely miss Agnes.
Agnes is heavily wounded.
The spellforged servitor hums quietly as it recharges.
Agnes completely misses you.
You slash Agnes!
Agnes is severely wounded.
Agnes hits you with a cursed -3 lajatang.
Frederick hits you from afar with a +4 demon trident of draining!!
The spellforged servitor casts a spell at you.
The iron shot misses you.
You take 24 damage, and have 198/243 hp.
You open Agnes like a pillowcase!!!
You feel better.
You kill Agnes!
Makhleb accepts your kill.
You feel better.
Your Dodging skill increases to level 9!
The spellforged servitor hums quietly as it recharges.
Frederick hits you from afar with a +4 demon trident of draining!
You regained 22 hp, and now have 220/243 hp.
The spellforged servitor hums quietly as it recharges.
Items here: )) [[ ††.
You hit Frederick but do no damage.
The spellforged servitor hums quietly as it recharges.
Frederick hits you with a +4 demon trident of draining.
You hit Frederick.
You feel better.
Frederick is lightly wounded.
You are no longer berserk.
You are exhausted.
You feel yourself slow down. Frederick casts a spell at you.
The lance of force hits you!!
You are knocked back by the lance of force.
You slam into the stone wall!
You now have 113/162 hp.
The spellforged servitor casts a spell at you.
The bolt of cold hits you but does no damage.
Frederick hits you from afar with a +4 demon trident of draining!
The spellforged servitor points at you and mumbles some strange words.
The bolt of cold misses you.
You take 8 damage, and have 105/162 hp.
Frederick gestures at you while chanting.
The lance of force hits you!
You are knocked back by the lance of force.
You slam into the stone wall!
* * * LOW HITPOINT WARNING * * *
The spellforged servitor points at you and mumbles some strange words.
The iron shot misses you.
You take 38 damage, and have 67/162 hp.
MASSIVE DAMAGE!!
Frederick hits you with a +4 demon trident of draining!!
* * * LOW HITPOINT WARNING * * *
You take 24 damage, and have 43/162 hp.
You closely miss Frederick. You slash the spellforged servitor!
The spellforged servitor casts a spell at you.
The bolt of cold misses you.
Frederick hits you with a +4 demon trident of draining!!
* * * LOW HITPOINT WARNING * * *
Frederick hits you but does no damage.
You take 18 damage, and have 25/162 hp.
You slice Frederick!!
You feel better.
Frederick is moderately wounded.
You slash the spellforged servitor!
The spellforged servitor casts a spell at you.
The bolt of cold hits you!! You resist.
* * * LOW HITPOINT WARNING * * *
Frederick barely misses you.
You take 13 damage, and have 12/162 hp.
You feel much better.
Frederick hits you with a +4 demon trident of draining.
You regained 25 hp, and now have 37/162 hp.
You feel much better. Frederick casts a spell at you.
The iron shot hits you!!!!
You die...

· █..███..█ ·
·█..█(█..█ ▲
·█..███..█ ·
·█....V..█ ▲
··
··█.......█ ·
█∆∆██∆█████ ▓
· ·
█.........█ ·
·▓█.)@).....█
▓ ▓
█.@8......█ ·
· █.........█
· █...∩.....█
· █.........█
··
█.........█ ▓
▓ █.........█
··
█.........█ ▓
▓ █.........█
· ·
█.........▲·
·


You could see Frederick, a spellforged servitor (summoned) and a +4 double
sword.

Vanquished Creatures
  Jorgrun (Spider:1)
  Rupert (Spider:1)
  Agnes (Vaults:1)
  2 tengu reavers (Vaults:1)
  A ghost moth (Spider:4)
  8 emperor scorpions
  Aizul (Spider:2)
  An orc warlord (Orc:2)
  An entropy weaver (Spider:2)
  A vampire knight (Vaults:1)
  Nessos (Orc:2)
  Azrael (D:14)
  A minotaur (Gauntlet)
  3 fire dragons
  2 yaktaur captains (D:14)
  3 catoblepae
  7 hydras
  5 two-headed ogres
  3 centaur warriors
  10 death yaks
  An ogre mage (Orc:2)
  9 death scarabs
  A fire crab (Lair:6)
  A spectral emperor scorpion (Spider:4)
  2 slime creatures (D:12)
  A spectral death yak (Gauntlet)
  3 skeletal warriors (D:12)
  3 unseen horrors
  3 spectral wolf spiders (Spider:4)
  5 orc knights
  2 wolf spider zombies (Spider:4)
  Pikel (D:7)
  A necromancer (IceCv)
  A phantasmal warrior (D:14)
  9 orb spiders
  A deep elf mage (D:13)
  16 wolf spiders
  10 orc sorcerers
  10 ugly things
  2 manticores
  3 moths of wrath
  2 merfolk sirens (Lair:2)
  5 elephants
  2 ice statues (IceCv)
  Joseph (D:10)
  9 black mambas
  3 molten gargoyles (Lair:6)
  A torpor snail (Lair:1)
  2 gargoyles
  9 cane toads
  3 rime drakes
  3 redback zombies (Spider:4)
  2 spectral redbacks (Spider:4)
  11 ice devils (IceCv)
  2 efreet
  16 demonic crawlers
  7 komodo dragons
  A merfolk (Lair:2)
  A harpy zombie (D:14)
  2 queen bees
  15 hornets
  4 trolls
  31 jumping spiders
  A wolf spider simulacrum (D:15)
  10 blink frogs
  Prince Ribbit (D:7)
  3 polar bears
  2 spectral jumping spiders (Spider:4)
  4 jumping spider zombies (Spider:4)
  6 meliai
  5 spectral tarantellas (Spider:4)
  10 dream sheep
  5 hippogriffs
  42 tarantellas
  11 wyverns
  65 redbacks
  2 shadows
  41 yaks
  3 fire elementals (D:14)
  A water elemental (D:11)
  16 humans (D:14)
  8 basilisks
  3 steam dragons (Lair:6)
  11 vampire mosquitoes
  2 wargs
  10 water moccasins
  2 acid dragons
  5 porcupines
  5 hell hounds
  2 eyes of draining
  27 orc warriors
  2 spectral hornets (Spider:4)
  6 sky beasts
  11 ice beasts
  A black bear (D:9)
  2 phantoms
  11 ogres
  A necrophage (D:7)
  A hornet zombie (Spider:4)
  10 centaurs
  2 wolves (Lair:3)
  4 lemures (D:7)
  A big kobold (D:10)
  15 crocodiles
  27 bullfrogs
  12 scorpions
  A water moccasin skeleton (D:11)
  51 killer bees
  13 wights
  8 electric eels
  3 howler monkeys
  5 lava snakes (Lair:6)
  2 bullfrog zombies
  8 jellies
  4 centaur zombies
  2 draconian simulacra (IceCv)
  4 hounds
  14 orc priests
  33 orc wizards
  2 bullfrog skeletons
  3 centaur skeletons
  4 iguanas
  Terence (D:3)
  A troll simulacrum (IceCv)
  14 worker ants
  A spriggan simulacrum (IceCv)
  A centaur simulacrum (IceCv)
  A hound skeleton (D:5)
  A worker ant zombie (D:6)
  3 gnolls (Orc:2)
  3 ogre simulacra (IceCv)
  21 adders
  2 naga simulacra (IceCv)
  6 river rats (Sewer)
  2 shadow imps
  A white imp (D:6)
  An ufetubus (D:6)
  3 oozes
  2 adder skeletons
  3 worms
  A dart slug (D:1)
  4 leopard geckos
  107 orcs
  9 ball pythons
  4 bats
  3 giant cockroaches
  21 goblins
  13 hobgoblins
  10 jackals
  3 quokkas
  5 frilled lizards
  33 kobolds
  A leopard gecko skeleton (D:6)
  A quokka zombie (D:8)
  23 rats
  2 fungi
  5 plants
1149 creatures vanquished.

Vanquished Creatures (collateral kills)
  Asterion (Spider:3)
  2 death yaks (Lair:5)
  The ghost of Apogee the Destroyer, a novice DEFE (D:8)
  A wolf spider (Spider:3)
  2 cane toads (Lair:5)
  2 demonic crawlers (Spider:3)
  A jumping spider (Spider:3)
  3 hornets (Spider:3)
  3 blink frogs (Lair:5)
  2 redbacks (Spider:2)
  A yak (Lair:1)
  A wyvern (Lair:1)
  2 crocodiles
  A bullfrog (Lair:5)
23 creatures vanquished.

Vanquished Creatures (others)
  A hippogriff (Lair:6)
  A redback (Spider:4)
  2 yaks (Lair:6)
  2 orc wizards (Orc:2)
  4 fungi
  A plant (Lair:5)
11 creatures vanquished.

Grand Total: 1183 creatures vanquished

Notes
Turn   | Place    | Note
-------+----------+-------------------------------------------
     0 | D:1      | Goblin1989 the Deep Dwarf Fighter began the quest for the
                  | Orb.
     0 | D:1      | Reached XP level 1. HP: 20/20 MP: 1/1
   127 | D:1      | Reached XP level 2. HP: 27/27 MP: 2/2
   475 | D:1      | Reached skill level 3 in Axes
   475 | D:1      | Reached XP level 3. HP: 31/33 MP: 3/3
   761 | D:2      | Reached XP level 4. HP: 39/42 MP: 4/4
   858 | D:2      | Found an opulent altar of Gozag.
  1042 | D:2      | Found a blossoming altar of Fedhas.
  1301 | D:3      | Noticed Terence
  1309 | D:3      | Killed Terence
  1558 | D:3      | Reached XP level 5. HP: 43/49 MP: 5/5
  1561 | D:3      | Reached skill level 4 in Axes
  1600 | D:3      | Found a hide-covered altar of Uskayaw.
  1939 | D:4      | Reached XP level 6. HP: 38/56 MP: 6/6
  1977 | D:4      | Reached skill level 5 in Axes
  2060 | D:4      | Got a smoking robe
  2243 | D:4      | Reached XP level 7. HP: 41/64 MP: 5/5
  2302 | D:4      | Reached skill level 5 in Shields
  2417 | D:4      | Reached skill level 5 in Armour
  2713 | D:5      | Entered Level 5 of the Dungeon
  2713 | D:5      | Found a staircase to the Ecumenical Temple.
  2721 | Temple   | Entered the Ecumenical Temple
  2739 | Temple   | Became a worshipper of Makhleb the Destroyer
  2779 | D:5      | Reached skill level 6 in Axes
  2864 | D:5      | Found a shadowy altar of Dithmenos.
  3421 | D:6      | Reached XP level 8. HP: 39/73 MP: 5/5
  3428 | D:6      | Reached skill level 7 in Axes
  3623 | D:6      | Reached skill level 1 in Invocations
  3623 | D:6      | Reached skill level 1 in Evocations
  3643 | D:6      | Reached * piety under Makhleb
  3734 | D:6      | Found a glowing drain.
  3744 | Sewer    | Entered a sewer
  3839 | Sewer    | Reached skill level 5 in Fighting
  3848 | Sewer    | Reached ** piety under Makhleb
  4461 | D:6      | Found a glowing silver altar of Zin.
  4643 | D:7      | Noticed Prince Ribbit
  4764 | D:7      | Reached skill level 8 in Axes
  4776 | D:7      | Gained mutation: You passively map the area around you.
                  | [Deep Dwarf growth]
  4776 | D:7      | Reached XP level 9. HP: 81/81 MP: 8/8
  4824 | D:7      | Reached *** piety under Makhleb
  4912 | D:7      | Identified the +6 hand axe of Qoiptas {flame, rF+ Int+4
                  | Dex+2}
  5027 | D:7      | Found an iron altar of Okawaru.
  5043 | D:7      | Noticed Pikel
  5065 | D:7      | Killed Pikel
  5076 | D:7      | Reached skill level 9 in Axes
  5092 | D:7      | Killed Prince Ribbit
  5552 | D:8      | Reached **** piety under Makhleb
  5557 | D:8      | Reached skill level 5 in Invocations
  5613 | D:8      | Reached skill level 5 in Evocations
  5613 | D:8      | Reached XP level 10. HP: 89/91 MP: 10/10
  5726 | D:8      | Found a runed translucent gate.
  5726 | D:8      | Noticed Apogee's ghost (novice DEFE)
  5727 | D:8      | Found a runed translucent gate.
  5727 | D:8      | Found a runed translucent gate.
  6056 | D:8      | Got a warped ring mail
  6143 | D:8      | Killed Apogee's ghost
  6505 | D:9      | Reached skill level 10 in Axes
  6548 | D:9      | Found an ancient bone altar of Kikubaaqudgha.
  6917 | D:10     | Entered Level 10 of the Dungeon
  6981 | D:10     | Killed an unseen horror
  7119 | D:10     | Noticed Joseph
  7160 | D:10     | Killed Joseph
  7177 | D:10     | Found a staircase to the Lair.
  7259 | D:10     | Reached ***** piety under Makhleb
  7326 | D:10     | Reached XP level 11. HP: 66/99 MP: 12/12
  7335 | D:10     | Reached skill level 11 in Axes
  7866 | Lair:1   | Entered Level 1 of the Lair of Beasts
  8861 | Lair:2   | You fall into a shaft and drop 2 floors!
  8992 | Lair:4   | Noticed a death yak
  8992 | Lair:4   | Noticed a death yak
  8992 | Lair:4   | Noticed a death yak
  9015 | Lair:4   | Killed a death yak
  9025 | Lair:4   | Killed a death yak
  9025 | Lair:4   | Reached skill level 12 in Axes
  9033 | Lair:4   | Killed a death yak
  9098 | Lair:4   | Found a hole to the Spider Nest.
  9218 | Lair:4   | Reached XP level 12. HP: 94/110 MP: 7/7
  9341 | Lair:4   | Noticed a five-headed hydra
  9350 | Lair:4   | Killed a one-headed hydra
  9800 | Lair:5   | Noticed a death yak
  9804 | Lair:5   | Noticed a death yak
  9804 | Lair:5   | Noticed a death yak
  9804 | Lair:5   | Noticed a death yak
  9804 | Lair:5   | Noticed a death yak
  9809 | Lair:5   | Noticed a death yak
  9809 | Lair:5   | Killed a death yak
  9819 | Lair:5   | Killed a death yak
  9834 | Lair:5   | Killed a death yak
  9834 | Lair:5   | Reached skill level 10 in Shields
  9834 | Lair:5   | Killed a death yak
  9834 | Lair:5   | Reached skill level 10 in Armour
  9834 | Lair:5   | Killed a death yak
  9834 | Lair:5   | Reached skill level 13 in Axes
  9847 | Lair:5   | Killed a death yak
  9866 | Lair:5   | Noticed a death yak
  9869 | Lair:5   | Noticed a death yak
  9871 | Lair:5   | Noticed a death yak
  9876 | Lair:5   | Killed a death yak
  9897 | Lair:5   | Killed a death yak
  9897 | Lair:5   | Killed a death yak
  9897 | Lair:5   | Reached skill level 10 in Invocations
 10510 | Lair:5   | Identified the cursed +0 ring mail "Siazow" {rElec rPois}
                  | (You found it on level 8 of the Dungeon)
 10549 | Lair:6   | Entered Level 6 of the Lair of Beasts
 10589 | Lair:6   | Reached skill level 1 in Dodging
 10607 | Lair:6   | Found a hazy altar of Hepliaklqana.
 10619 | Lair:6   | Reached XP level 13. HP: 120/120 MP: 8/8
 10642 | Lair:6   | Found a staircase to the Slime Pits.
 10928 | Lair:6   | Reached skill level 14 in Axes
 11019 | Lair:6   | HP: 2/121 [black mamba (5)]
 11130 | Lair:6   | Found a large runed translucent door.
 11131 | Lair:6   | Found a large runed translucent door.
 11135 | Lair:6   | Noticed a fire dragon
 11902 | Lair:6   | Killed a fire dragon
 12490 | Lair:3   | Reached ****** piety under Makhleb
 12527 | Lair:3   | Gained mutation: You resist negative energy. (rN+) [Deep
                  | Dwarf growth]
 12527 | Lair:3   | Reached XP level 14. HP: 129/129 MP: 8/8
 12589 | Lair:3   | Reached skill level 15 in Axes
 12942 | Lair:2   | Found a staircase to the Shoals.
 13134 | Lair:2   | Reached skill level 5 in Dodging
 13416 | D:11     | Found a gate leading to a gauntlet.
 13432 | Gauntlet | Entered a Gauntlet
 13432 | Gauntlet | Found a transporter.
 13439 | Gauntlet | Found a transporter.
 13441 | Gauntlet | Found a transporter.
 13452 | Gauntlet | Found a transporter.
 13454 | Gauntlet | Found a transporter.
 13462 | Gauntlet | Found a transporter.
 13477 | Gauntlet | Found a transporter.
 13487 | Gauntlet | Found a transporter.
 13489 | Gauntlet | Noticed an entropy weaver
 13495 | Gauntlet | Found a runed translucent gate.
 13495 | Gauntlet | Found a runed translucent gate.
 13496 | Gauntlet | Found a runed translucent gate.
 13497 | Gauntlet | Found a transporter.
 13513 | Gauntlet | Found a transporter.
 13522 | Gauntlet | Found a transporter.
 13524 | Gauntlet | Found a transporter.
 13582 | Gauntlet | Found a transporter.
 13585 | Gauntlet | Found a transporter.
 13684 | Gauntlet | Got a twisted shortbow
 13800 | Gauntlet | Got a pair of masterwork boots
 13811 | Gauntlet | Identified the cursed +0 pair of boots "Aklaur" {-Tele
                  | rElec rC+ Int+9} (You found it in a Gauntlet)
 13889 | Gauntlet | Identified the +3 shortbow "Guoth" {flame, +Inv} (You found
                  | it in a Gauntlet)
 14271 | D:11     | Found Eha Lenn's Gadget Shop.
 14716 | D:11     | Found a staircase to the Orcish Mines.
 14729 | Orc:1    | Entered Level 1 of the Orcish Mines
 14745 | Orc:1    | Reached skill level 10 in Fighting
 14859 | Orc:1    | Found a roughly hewn altar of Beogh.
 15009 | Orc:2    | Entered Level 2 of the Orcish Mines
 15009 | Orc:2    | Found a staircase to the Elven Halls.
 15412 | Orc:2    | Noticed an orc warlord
 15476 | Orc:2    | Killed an orc warlord
 15476 | Orc:2    | Noticed Nessos
 15503 | Orc:2    | Killed Nessos
 15702 | Orc:2    | Found Olinn's Magic Scroll Shoppe.
 15709 | Orc:2    | Bought 3 scrolls of amnesia for 136 gold pieces
 15722 | Orc:2    | Found a radiant altar of Vehumet.
 15753 | Orc:2    | Found Mereegh's Antique Weapon Emporium.
 15753 | Orc:2    | Found a roughly hewn altar of Beogh.
 15766 | Orc:2    | Found Ewaotyll's Book Shoppe.
 15772 | Orc:2    | Found an ancient bone altar of Kikubaaqudgha.
 15802 | Orc:2    | Found Gyffasto's Distillery.
 15813 | Orc:2    | Bought a potion of curing for 45 gold pieces
 15813 | Orc:2    | Bought a potion of ambrosia for 120 gold pieces
 16493 | D:12     | Found Koirghe's Jewellery Emporium.
 16680 | D:12     | Reached skill level 16 in Axes
 17426 | D:13     | Reached XP level 15. HP: 102/140 MP: 9/9
 17487 | D:13     | Found a flagged portal.
 17492 | Bailey   | Entered a bailey
 17704 | D:13     | Got a translucent morningstar
 18253 | D:14     | Found a gate to the Vaults.
 18324 | D:14     | Found a frozen archway.
 18347 | IceCv    | Entered an ice cave
 18516 | IceCv    | Found the +2 hat of the Bear Spirit {Spirit, +Rage rN+
                  | MR++}
 18537 | IceCv    | Identified the +8 morningstar of Ileobb {protect, Str+4}
                  | (You found it on level 13 of the Dungeon)
 18555 | IceCv    | Got a pitted ring mail
 19049 | D:14     | Reached skill level 17 in Axes
 19055 | D:14     | Noticed Azrael
 19075 | D:14     | Killed Azrael
 19446 | D:14     | Found a runed translucent door.
 19446 | D:14     | Noticed Osijuolu's ghost (journeyman TrTm)
 19621 | D:15     | Entered Level 15 of the Dungeon
 19856 | D:15     | Identified 3 scrolls of acquirement
 19859 | D:15     | Acquired a +1 executioner's axe of freezing
 19869 | D:15     | Acquired 1340 gold pieces
 19874 | D:15     | Acquired 320 gold pieces
 20042 | D:15     | Found a staircase to the Depths.
 20235 | D:15     | DEFE: как-то не так выглядит этот дип дварф
 20482 | D:15     | Goblin1989: так красивее?
 20482 | D:15     | Goblin1989: )))
 20482 | D:15     | DEFE: лол
 21635 | Spider:1 | Entered Level 1 of the Spider Nest
 21712 | Spider:1 | Reached skill level 1 in Crossbows
 21754 | Spider:1 | Noticed Jorgrun
 21764 | Spider:1 | Reached XP level 16. HP: 150/150 MP: 0/9
 21770 | Spider:1 | Killed Jorgrun
 22011 | Spider:1 | Noticed Rupert
 22020 | Spider:1 | Killed Rupert
 22455 | Spider:2 | Reached skill level 5 in Crossbows
 22514 | Spider:2 | Noticed Aizul
 22530 | Spider:2 | Killed Aizul
 22887 | Spider:3 | Found the amulet of the Four Winds {rN+ MR+++ Clar}
 22962 | Spider:3 | Noticed Asterion
 22974 | Spider:3 | Killed Asterion
 23555 | Spider:4 | Entered Level 4 of the Spider Nest
 23722 | Spider:4 | Reached XP level 17. HP: 159/159 MP: 0/10
 24077 | Spider:4 | Reached skill level 18 in Axes
 24281 | Spider:4 | Got a gossamer rune of Zot
 24643 | Vaults:1 | Entered Level 1 of the Vaults
 24648 | Vaults:1 | Noticed Frederick
 24649 | Vaults:1 | Noticed Agnes
 24655 | Vaults:1 | HP: 4/160 [Agnes/cursed -3 lajatang (33)]
 24694 | Vaults:1 | Reached skill level 10 in Crossbows
 24705 | Vaults:1 | Killed Agnes
 24715 | Vaults:1 | Killed from afar by Frederick

Illustrated notes

Levels and vault maps discovered:
D:1:      lightli_arrival_statue_moat, layout_loops_ring
D:2:      layout_loops_cross, fedhas_altar_4, nicolae_gozag_seed_capital
D:3:      layout_loops_ring, eat_drink_and_be_merry_uskayaw, uniq_terence
D:4:      layout_basic
D:5:      layout_basic, minmay_temple_entry_tees,
          grunt_dithmenos_smoke_and_mirrors
D:6:      layout_loops_ring, portal_sewer_entry_a, minmay_stone_trees_small,
          kennysheep_flooded_box
D:7:      corexii_shack_village, layout_loops_cross, okawaru_metal_pillars_1_2,
          uniq_pikel, uniq_prince_ribbit1
D:8:      layout_loops_cross, ebering_ghost_rock_garden
D:9:      layout_basic, marbit_many_paths
D:10:     layout_long_grid, david_lair_generic, uniq_joseph
D:11:     layout_loops_ring, erik_orc_2, gauntlet_entry_generic, serial_shops,
          shop
D:12:     layout_basic, serial_shops, shop_fountains, minmay_hedge_maze
D:13:     layout_big_octagon, enter_bailey_3
D:14:     layout_long_grid, david_vaults_3, portal_ice_cave_entry_ice_beasts,
          minmay_tree_intersection, ebering_ghost_reflecting_pool,
          minmay_radiant, uniq_azrael
D:15:     grunt_enter_depths_hoard, layout_long_grid
Temple:   regret_index_temple_mists
Lair:1:   layout_cave_pods, grunt_megastairs_1
Lair:2:   layout_cave_shapes, elwin_shoals_entry_rooms
Lair:3:   regret_index_combs_of_tragedy, layout_loops_ring
Lair:4:   layout_concentric_octagons, spider_nest_entry_rubble,
          nicolae_quartered_pool_little, serial_bayou_pond_c,
          serial_bayou_ford_a
Lair:5:   layout_regular_city, cheibrodos_lair_lostbears, grunt_megastairs_3
Lair:6:   cheibrodos_lair_end_hotspot, layout_regular_city,
          nicolae_slime_entry_slimehenge, basic_altar
Spider:1: layout_spider_delve, uniq_rupert, uniq_jorgrun
Spider:2: layout_spider_delve, guppyfry_spider_mini_3, uniq_aizul
Spider:3: spiders_nest_scorpion_pit, uniq_asterion
Spider:4: floodkiller_spider_rune_tomb, special_room [special_room_bee]
Orc:1:    layout_caves, basic_altar
Orc:2:    kennysheep_orc_mage_school, layout_caves, uniq_nessos
Vaults:1: sword_in_stone, v_misc_2, vaults_mumra_chevron,
          nicolae_vaults_angled_halls, grunt_vaults_hallway_short,
          vaults_mumra_lcd, nicolae_vaults_little_squares_3, v_misc_3,
          nicolae_vaults_network_square, vaults_dpeg_doors,
          ontoclasm_vaults_idyll, ontoclasm_vaults_bender,
          hangedman_vaults_slice, nicolae_vaults_little_squares_3,
          layout_vaults_maze, serial_shops, shop, nicolae_shop_stone, shop, shop

Skill      XL: |  1  2  3  4  5  6  7  8  9 10 11 12 13 14 15 16 17 |
---------------+----------------------------------------------------+-----
Axes           | 3 4 5 6 8 9 10 12 13 14 16 17 18 | 18.0
Fighting       | 3 4 5 6 7 8 9 10 11 12 | 12.4
Shields        | 4 5 6 7 8 9 10 11 12 13 | 13.1
Armour         | 4 5 6 7 8 9 10 11 12 13 14 | 14.5
Invocations    | 3 5 7 8 10 11 12 13 | 13.8
Evocations     | 3 5 |  5.0
Dodging        | 1 4 5 7 9 |  9.0
Crossbows      | 2 8 10 | 10.2

Action                   |  1- 3 |  4- 6 |  7- 9 | 10-12 | 13-15 | 16-18 || total
-------------------------+-------+-------+-------+-------+-------+-------++-------
Melee: War axe           |    98 |   260 |   516 |   811 |  1473 |       ||  3158
       Hand axe          |       |       |       |     6 |   386 |       ||   392
       Executioner's axe |       |       |       |       |    95 |   579 ||   674
 Fire: Triple crossbow   |       |       |       |       |       |    15 ||    15
Invok: Lesser Servant of |       |       |       |    10 |     1 |       ||    11
       Greater Servant o |       |       |       |       |       |     5 ||     5
 Abil: Heal Wounds       |       |     9 |     4 |    36 |    13 |    28 ||    90
Evoke: Wand              |       |       |       |     4 |    16 |       ||    20
  Use: Scroll            |       |       |    13 |     5 |    30 |     5 ||    53
       Potion            |       |       |       |     1 |     2 |     7 ||    10
 Stab: Distracted        |       |       |       |     1 |       |     1 ||     2
       Petrified         |       |       |       |       |     7 |       ||     7
       Petrifying        |       |       |       |       |     1 |       ||     1
       Confused          |       |       |       |       |       |     1 ||     1
Armor: Scale mail        |    45 |   104 |   205 |   373 |   209 |       ||   936
       Chain mail        |       |       |       |       |   435 |       ||   435
       Swamp dragon scal |       |       |       |       |    77 |   987 ||  1064
Dodge: Dodged            |    30 |    71 |   130 |   242 |   444 |  1138 ||  2055
Block: Kite shield       |    47 |   119 |   512 |   671 |   827 |       ||  2176
       Reflection        |       |       |    20 |     8 |    47 |       ||    75
       Tower shield      |       |       |       |    70 |   859 |       ||   929
       Other             |       |       |       |       |    55 |    93 ||   148

Table legend: (Time is in decaauts)
 A = Elapsed time spent in this place.
 B = Non-inter-level travel time spent in this place.
 C = Inter-level travel time spent in this place.
 D = Time resting spent in this place.
 E = Time spent auto-exploring this place.
 F = Levels seen in this place.
 G = Mean time per level.
                   A        B        C        D        E       F      G
               +--------+--------+--------+--------+--------+-----+--------+
         Total |  24832 |  22573 |   2259 |    164 |  15338 |  33 |  752.5 |
       Dungeon |  12614 |  11358 |   1256 |      0 |   8263 |  15 |  840.9 |
        Temple |     35 |     24 |     11 |      0 |     10 |   1 |   35.0 |
          Lair |   5868 |   5186 |    682 |      2 |   3651 |   6 |  978.0 |
   Spider Nest |   3051 |   2862 |    189 |    113 |   1595 |   4 |  762.8 |
  Orcish Mines |   1619 |   1500 |    119 |      0 |   1073 |   2 |  809.5 |
        Vaults |     67 |     67 |      0 |      0 |      4 |   1 |   67.0 |
         Sewer |    551 |    551 |      0 |      0 |    360 |   1 |  551.0 |
        Bailey |    160 |    160 |      0 |      0 |      0 |   1 |  160.0 |
      Ice Cave |    341 |    341 |      0 |      0 |    156 |   1 |  341.0 |
      Gauntlet |    522 |    522 |      0 |     49 |    224 |   1 |  522.0 |
               +--------+--------+--------+--------+--------+-----+--------+

Top non-repeatable levels by time:
  Lair:6: 1411 daAuts
   Orc:2: 1182 daAuts
    D:10: 1141 daAuts
  Lair:1: 1136 daAuts
    D:14: 1021 daAuts
    D:12: 1010 daAuts
     D:4: 995 daAuts
Spider:4: 979 daAuts
  Lair:4: 966 daAuts
    D:15: 901 daAuts
     D:7: 897 daAuts
    D:11: 883 daAuts
  Lair:3: 874 daAuts
  Lair:5: 825 daAuts
     D:6: 820 daAuts
